 Seeded DCSS version 0.30-a0-879-ga8ba668304 (webtiles) character file.

Game seed: 3428853487130244560 (custom seed)

1717 bmack86 the Cleaver (level 8, -11/71 HPs)
             Began as a Minotaur Fighter on Mar 13, 2023.
             Mangled by a gnoll
             ... wielding a +1 heavy halberd
             ... led by a gnoll sergeant
              (15 damage)
             ... on level 7 of the Dungeon.
             The game lasted 00:11:22 (4706 turns).

bmack86 the Cleaver (Minotaur Fighter)              Turns: 4706, Time: 00:11:23

Health: -11/71     AC: 22    Str: 23    XL:     8   Next: 74%
Magic:  2/2        EV:  7    Int:  5    God:
Gold:   38         SH:  5    Dex: 10    Spells: 7/7 levels left

rFire   . . .      SeeInvis .    l - +8 war axe (antimagic)
rCold   . . .      Faith    .    c - +0 buckler
rNeg    . . .      Spirit   .    E - +0 chain mail
rPois   .          Reflect  .    (helmet restricted)
rElec   .          Rampage  .    D - +2 cloak
rCorr   .                        o - +0 pair of gloves
Will    .....                    p - +2 pair of boots Stlth
                                 (no amulet)
HPRegen 0.31/turn                v - +4 ring of protection
MPRegen 0.08/turn                (no ring)

@: lethally poisoned (-11 -> -18), slowed, very slow
A: horns 2, retaliatory headbutt
a: no special abilities


You were on level 7 of the Dungeon.
You visited 1 branch of the dungeon, and saw 7 of its levels.

You collected 526 gold pieces.
You spent 488 gold pieces at shops.

Inventory:

Hand Weapons
 a - a +0 war axe
 l - a +8 antimagic war axe (weapon)
Missiles
 B - 9 poisoned darts (quivered)
Armour
 b - a +0 scale mail
 c - a +0 buckler (worn)
 o - a +0 pair of gloves (worn)
 p - a +2 pair of boots (worn)
 D - a +2 cloak (worn)
 E - a +0 chain mail (worn)
Jewellery
 v - a +4 ring of protection (left hand)
 x - a ring of magical power
Wands
 A - a wand of roots (10)
Scrolls
 f - 2 scrolls of blinking {unknown}
 h - 8 scrolls of fog {unknown}
 j - a scroll of noise {unknown}
 m - a scroll of immolation {unknown}
 q - a scroll of amnesia {unknown}
 s - a scroll of fear {unknown}
 y - 2 scrolls of poison {unknown}
 z - a scroll of enchant weapon {unknown}
Potions
 d - a potion of might
 e - a potion of haste {unknown}
 g - a potion of berserk rage
 k - 3 potions of curing
 n - 2 potions of magic
 r - a potion of cancellation
 t - a potion of invisibility
 u - a potion of heal wounds
 w - 2 potions of mutation
 C - a potion of lignification


   Skills:
 + Level 6.7 Fighting
 * Level 8.5 Axes
 + Level 3.3 Throwing
 + Level 6.7 Armour
 + Level 6.6 Shields


You had 7 spell levels left.
You didn't know any spells.
Your spell library contained the following spells:

 Spells                   Type           Power      Damage    Failure   Level
 Necrotise                Necr           0%         1d4       99%         1
 Summon Small Mammal      Summ           0%         N/A       99%         1
 Sublimation of Blood     Necr           0%         N/A       100%        2
 Wereblood                Tmut           0%         N/A       100%        2
 Call Canine Familiar     Summ           0%         N/A       100%        3
 Gell's Gravitas          Tloc           0%         N/A       100%        3
 Summon Guardian Golem    Hex/Summ       0%         N/A       100%        3
 Teleport Other           Tloc           0%         N/A       100%        3
 Vhi's Electric Charge    Tloc/Air       0%         N/A       100%        3
 Agony                    Necr           0%         N/A       100%        5
 Arcjolt                  Conj/Air       0%         1d10      100%        5
 Dispersal                Tloc           0%         N/A       100%        6
 Starburst                Conj/Fire      0%         6d3       100%        6
 Summon Hydra             Summ           0%         N/A       100%        7
 Borgnjor's Revivificati  Necr           0%         N/A       100%        8
 Maxwell's Capacitive Co  Air            0%         ∞         100%        8


Dungeon Overview and Level Annotations

Branches:
Dungeon (7/15)             Temple (0/1) D:7

Altars:
Yredelemnul

Shops:
D:1 (   D:4 *[*   D:5 *


Innate Abilities, Weirdness & Mutations

You have a pair of horns on your head.
You reflexively headbutt those who attack you in melee.


Message History

The gnoll sergeant hits you but does no damage.
The hornet stings you but does no damage.
Your Throwing skill increases to level 3!
You slice the hornet!!
The hornet is almost dead.
You closely miss the gnoll sergeant. You barely miss the gnoll.
You feel sick. The hornet stings you.
You feel yourself slow down. The gnoll barely misses you.
The gnoll sergeant hits you but does no damage.
You barely miss the hornet.
The hornet is almost dead.
You slash the gnoll!
You kill the gnoll!
You hit the gnoll sergeant but do no damage.
You hear the slow hiss of an avalanche of sand nearby.
You hear the faint creaking of a very distant portcullis.
You feel sick. The hornet stings you.
* * * LOW HITPOINT WARNING * * *
You feel as though you will be slow longer.
The hornet stings you!
* * * LOW HITPOINT WARNING * * *
You are lethally poisoned!
You suddenly lose the ability to move!
The gnoll sergeant hits you with a +0 spear.
* * * LOW HITPOINT WARNING * * *
The gnoll hits you but does no damage.
The hornet stings you but does no damage.
The gnoll sergeant hits you but does no damage.
You can move again.
You slash the hornet!
You kill the hornet!
You hit the gnoll sergeant but do no damage.
* * * LOW HITPOINT WARNING * * *
You feel very sick. The gnoll hits you but does no damage.
You block the gnoll sergeant's attack.
* * * LOW HITPOINT WARNING * * *
You feel very sick.
The gnoll sergeant hits you but does no damage.
The gnoll hits you from afar with a +1 heavy halberd!
You die...

...........
#.).......#
.##.........###..
................
#.........#..#
#...........
#.g.......####.
#..)@..[.......
#..g)..........
#..............
#.............#
#..............
##..#..........
#...........#..
#.####.....##..
#. #....##..#


You could see a gnoll sergeant and a gnoll.

Vanquished Creatures
  A hornet (D:7)
  An orc warrior (D:6)
  An ice beast (D:7)
  A sky beast (D:6)
  A black bear (D:6)
  A phantom (D:5)
  A bullfrog (D:6)
  5 wights (D:6)
  2 jellies
  2 orc priests
  4 hounds
  4 iguanas
  A sleepcap (D:6)
  Natasha (thrice) (D:2)
  An orc wizard (D:6)
  7 adders
  4 gnolls (D:7)
  A shadow imp (D:6)
  2 white imps (D:7)
  4 ufetubi (D:6)
  6 worms
  3 dart slugs (D:1)
  21 orcs
  4 ball pythons
  6 bats
  11 endoplasms
  2 giant cockroaches
  8 goblins
  7 hobgoblins
  3 jackals (D:2)
  2 quokkas
  2 frilled lizards
  6 kobolds
  3 rats (D:2)
131 creatures vanquished.

Vanquished Creatures (others)
  14 demonic plants (D:6)
14 creatures vanquished.

Grand Total: 145 creatures vanquished

Notes
Turn   | Place    | Note
-------+----------+-------------------------------------------
     0 | D:1      | bmack86 the Minotaur Fighter began the quest for the Orb.
     0 | D:1      | Reached XP level 1. HP: 19/19 MP: 0/0
    46 | D:1      | Found Zofunism's Antique Weapon Shop.
   320 | D:1      | Reached XP level 2. HP: 23/27 MP: 1/1
   343 | D:1      | Found a faded altar of an unknown god.
   500 | D:1      | Reached skill level 3 in Axes
   527 | D:1      | Got Sif Muna's Enchiridion on Corpses and the Arsonist
   926 | D:2      | Reached XP level 3. HP: 27/33 MP: 2/2
  1140 | D:2      | Noticed Natasha
  1152 | D:2      | Killed Natasha
  1153 | D:2      | Reached skill level 4 in Axes
  1153 | D:2      | Reached XP level 4. HP: 18/40 MP: 3/3
  1397 | D:2      | Reached XP level 5. HP: 47/47 MP: 4/4
  1426 | D:2      | Noticed Natasha
  1431 | D:2      | Killed Natasha
  1453 | D:2      | Noticed Natasha
  1456 | D:2      | Killed Natasha
  1749 | D:1      | Bought a glowing war axe for 162 gold pieces
  2277 | D:4      | Found Eturph's Antique Armour Emporium.
  2277 | D:4      | Found Suyl's Assorted Antiques.
  2277 | D:4      | Found Risauh's Assorted Antiques.
  2277 | D:4      | Found Ocaynwox's Magic Scroll Emporium.
  2320 | D:4      | Identified the +1 leather armour "Jorereek" {rF+ rN+ Int-2
                  | Dex+3}
  2358 | D:4      | Found a basalt altar of Yredelemnul.
  2528 | D:4      | Reached skill level 5 in Axes
  2776 | D:4      | Bought a notched emerald ring for 120 gold pieces
  2964 | D:5      | Entered Level 5 of the Dungeon
  2980 | D:5      | Noticed a phantom
  2986 | D:5      | Killed a phantom
  2987 | D:5      | Reached XP level 6. HP: 53/55 MP: 1/5
  2999 | D:5      | Reached skill level 5 in Shields
  3004 | D:5      | Reached skill level 5 in Fighting
  3004 | D:5      | Reached skill level 5 in Armour
  3076 | D:5      | Found Xuuqy's Assorted Antiques.
  3295 | D:5      | Reached skill level 6 in Axes
  3415 | D:5      | Reached XP level 7. HP: 46/61 MP: 2/6
  3639 | D:6      | Reached skill level 1 in Throwing
  3924 | D:4      | Bought a runed cloak for 165 gold pieces
  4096 | D:6      | Identified the +1 ring mail "Pyegedos" {rElec rC+}
  4157 | D:6      | Reached skill level 7 in Axes
  4177 | D:6      | Reached XP level 8. HP: 22/69 MP: 2/7
  4576 | D:4      | Bought a scroll labelled CIYCLE ISMUPP for 22 gold pieces
  4595 | D:4      | Bought an emerald potion for 19 gold pieces
  4664 | D:7      | Found a staircase to the Ecumenical Temple.
  4693 | D:7      | Noticed a hornet
  4695 | D:7      | Reached skill level 8 in Axes
  4704 | D:7      | Paralysed by a hornet for 1 turns
  4705 | D:7      | Killed a hornet
  4706 | D:7      | Mangled by a gnoll

Illustrated notes

Levels and vault maps discovered:
D:1:      dpeg_arrival_central, layout_basic, serial_shops, shop,
          hellmonk_ecumenical_altar_heavens_door
D:2:      layout_loops_ring, kennysheep_nub, uniq_natasha
D:3:      layout_rooms, corexii_leaking_fountain
D:4:      layout_cave_pools, old_standard_altar,
          hangedman_abyss_or_decor_passed, minmay_shop_grid_forest,
          grunt_decor_clamped
D:5:      layout_loops_ring, serial_shops, nicolae_shop_stone
D:6:      layout_gridville, serial_demonic, serial_demonic_g, serial_demonic_f,
          serial_demonic_c, serial_demonic_f
D:7:      layout_rooms, minmay_temple_entry_waves, nicolae_ossuary_entry_giza,
          enter_bailey_5

Skill      XL: |  1  2  3  4  5  6  7  8 |
---------------+-------------------------+-----
Axes           | 3 4 5 6 7 8 |  8.5
Armour         | 4 5 6 |  6.7
Fighting       | 4 5 6 |  6.7
Shields        | 4 5 6 |  6.6
Throwing       | 2 3 |  3.3

Action                     |  1- 3 |  4- 6 |  7- 9 || total
---------------------------+-------+-------+-------++-------
  Melee: War axe           |    56 |   108 |    76 ||   240
         Headbutt          |     6 |    11 |    14 ||    31
    Use: Potion            |       |       |     1 ||     1
         Scroll            |       |       |    11 ||    11
 Armour: Scale mail        |    28 |    42 |    17 ||    87
         Chain mail        |       |       |    51 ||    51
  Dodge: Dodged            |    32 |    54 |    57 ||   143
  Block: Buckler           |    10 |    20 |    21 ||    51

Table legend: (Time is in decaauts)
 A = Elapsed time spent in this place.
 B = Non-inter-level travel time spent in this place.
 C = Inter-level travel time spent in this place.
 D = Time resting spent in this place.
 E = Time spent auto-exploring this place.
 F = Levels seen in this place.
 G = Mean time per level.
                   A        B        C        D        E       F      G
               +--------+--------+--------+--------+--------+-----+--------+
         Total |   4794 |   4478 |    316 |     83 |   2834 |   7 |  684.9 |
       Dungeon |   4794 |   4478 |    316 |     83 |   2834 |   7 |  684.9 |
               +--------+--------+--------+--------+--------+-----+--------+

Top non-repeatable levels by time:
     D:1: 984 daAuts
     D:2: 866 daAuts
     D:4: 854 daAuts
     D:6: 851 daAuts
     D:5: 707 daAuts
     D:3: 477 daAuts
     D:7: 52 daAuts
